 Dungeon Crawl Stone Soup version 0.18-a0-1041-gbe91bf5 (webtiles) character file.

6 Gorice the Chucker (level 1, -2/17 HPs)
             Began as a Centaur Wanderer on Jan 10, 2016.
             Slain by a kobold
             ... wielding a +0 dagger
              (3 damage)
             ... on level 1 of the Dungeon.
             The game lasted 00:01:56 (129 turns).

Gorice the Chucker (Centaur Wanderer)                Turns: 129, Time: 00:01:56

Health: -2/17      AC:  4    Str: 16    XL:     1   Next: 75%
Magic:  3/3        EV:  9    Int: 11    God:
Gold:   0          SH:  0    Dex:  6    Spells: 1 memorised, 2 levels left

rFire  . . .     SeeInvis .     (no weapon)
rCold  . . .     Gourm    .     e - +0 robe
rNeg   . . .     Faith    .     (no shield)
rPois  .         Spirit   .     (no helmet)
rElec  .         Dismiss  .     (no cloak)
rCorr  .         Reflect  .     (no gloves)
SustAt .         Harm     .     (no barding)
MR     .....                    (no amulet)
Stlth  ..........               (no ring)
                                (no ring)

@: very quick, not resistant to hostile enchantments, extremely unstealthy
A: hooves 3, deformed body, speed 2, tough skin 3
a: no special abilities


You were on level 1 of the Dungeon.
You were not hungry.

You visited 1 branch of the dungeon, and saw 1 of its levels.

Inventory:

Hand Weapons
 b - a +2 blowgun
Armour
 e - a +0 robe (worn)
Books
 c - the Handbook of Toxic Arcane Weapons

   Spells                             Type                      Level
   a - Sting                          Conjuration/Poison           1
   b - Mephitic Cloud                 Conjuration/Poison/Air       3
Comestibles
 f - a bread ration {!e}


   Skills:
 + Level 2.2 Fighting
   Level 2.1 Crossbows
 + Level 2.5 Throwing
 - Level 1.0 Armour
 - Level 1.5 Spellcasting
   Level 1.0 Ice Magic


You had 2 spell levels left.
You knew the following spells:

 Your Spells              Type           Power        Failure   Level  Hunger
a - Sting                 Conj/Pois      #...         34%         1    ##.....


Dungeon Overview and Level Annotations

Branches:
Dungeon (1/15)

Altars:


Innate Abilities, Weirdness & Mutations

You have hooves in place of feet.
Armour fits poorly on your strangely shaped body.
You cover ground very quickly.
You have extremely tough skin (AC +3).


Message History

* * * LOW HITPOINT WARNING * * *
The jackal bites you but does no damage.
Damage: 3 (max 3)
You hit the jackal but do no damage. You kick the jackal, but do no damage.
The jackal barely misses you.
The kobold throws a stone.
The stone hits you but does no damage.
Drink which item? (? for menu, Esc to quit)
You feel better. The jackal barely misses you. The jackal bites you.
* * * LOW HITPOINT WARNING * * *
You barely miss the jackal.
The kobold throws a stone.
The stone hits you but does no damage. The jackal closely misses you.
The jackal closely misses you. The kobold closely misses you.
The kobold misses you. The kobold hits you with a dagger.
* * * LOW HITPOINT WARNING * * *
Damage: 2 (max 3)
You hit the jackal but do no damage. You kick the jackal.
The jackal is moderately wounded.
The jackal bites you.
* * * LOW HITPOINT WARNING * * *
Damage: 2 (max 3)
You barely miss the jackal. You kick the jackal.
The jackal is severely wounded.
The jackal bites you but does no damage.
The jackal barely misses you.
You barely miss the jackal.
The jackal is severely wounded.
The jackal bites you but does no damage.
You completely miss the jackal. You kick the jackal.
The jackal is almost dead.
The jackal bites you but does no damage.
You barely miss the jackal.
The jackal is almost dead.
The jackal barely misses you. The jackal closely misses you.
You hit the jackal.
You kill the jackal!
You closely miss the kobold. You kick the kobold.
The kobold is moderately wounded.
You barely miss the kobold. Your kick misses the kobold.
The kobold is moderately wounded.
The kobold closely misses you.
You closely miss the kobold. Your kick misses the kobold.
The kobold is moderately wounded.
The kobold hits you with a dagger.
* * * LOW HITPOINT WARNING * * *
Damage: 1 (max 3)
You hit the kobold but do no damage.
The kobold is moderately wounded.
The kobold hits you with a dagger.
You die...

#........#
#........#
#....%....
#.........
#.........
###.........
#(.(........
#†##K##.##.#
#.##@## #
#.##..#
#.###.# . #.#
#.# .#
#.###.####.##
#...........#
#..⌠...⌠.....
#...###......
#...#<#..$...


You could see a kobold.

Vanquished Creatures
  4 jackals (D:1)
  A kobold (D:1)
5 creatures vanquished.

Notes
Turn   | Place    | Note
--------------------------------------------------------------
     0 | D:1      | Gorice the Centaur Wanderer began the quest for the Orb.
     0 | D:1      | Gorice set off with: a curare-tipped needle, a +2 blowgun, the Handbook of Toxic Arcane Weapons, a potion of curing, a +0 robe, a bread ration {!e}
     0 | D:1      | Reached XP level 1. HP: 17/17 MP: 3/3
     0 | D:1      | Identified the Handbook of Toxic Arcane Weapons
     2 | D:1      | Learned a level 1 spell: Sting
    65 | D:1      | HP: 4/17 [jackal (2)]
    85 | D:1      | HP: 3/17 [jackal (2)]
   111 | D:1      | HP: 1/17 [jackal (3)]
   118 | D:1      | HP: 3/17 [kobold/dagger (2)]
   120 | D:1      | HP: 1/17 [jackal (2)]
   128 | D:1      | HP: 1/17 [kobold/dagger (1)]
   129 | D:1      | Slain by a kobold

Vault maps used:
D:1:      scummos_arrival_simple_fountains

Action                   || total
-------------------------++-------
Melee: Unarmed           ||    47
 Fire: Blowgun           ||     1
  Use: Potion            ||     1

Table legend:
 A = Turns spent in this place as a percentage of turns spent in the entire game.
 B = Non-inter-level travel turns spent in this place as a percentage of non-inter-level travel turns spent in the entire game.
 C = Inter-level travel turns spent in this place as a percentage of turns spent in this place.
 D = Turns resting spent in this place as a percentage of non-inter-level travel turns spent in this place.
 E = Turns spent auto-exploring this place as a percentage of non-inter-level travel turns spent in this place.
 F = Non-inter-level travel turns spent in this place divided by the number of levels of this place that you've seen.
                   A       B       C       D       E      F
               +-------+-------+-------+-------+-------+----------------------
         Total | 100.0 | 100.0 |   0.0 |   0.0 |   0.0 | 136.0
       Dungeon | 100.0 | 100.0 |   0.0 |   0.0 |   0.0 | 136.0
               +-------+-------+-------+-------+-------+----------------------

Vault maps used:
D:1:      scummos_arrival_simple_fountains
